 Dungeon Crawl Stone Soup version 0.30-a0-358-g0d69a1922f (webtiles) character file.

Game seed: 8205555608125127188

0 Syeburn the Slasher (level 1, 20/20 HPs)
             Began as a Gnoll Reaver on Oct 27, 2022.
             Quit the game on level 1 of the Dungeon on Nov 9, 2022.
             The game lasted 00:01:45 (34 turns).

Syeburn the Slasher (Gnoll Reaver)                    Turns: 34, Time: 00:01:45

Health: 20/20      AC:  3    Str: 11    XL:     1   Next: 10%
Magic:  6/6        EV: 12    Int: 12    God:
Gold:   11         SH:  0    Dex: 10    Spells: 8/9 levels left

rFire   . . .      SeeInvis .    a - +0 falchion
rCold   . . .      Faith    .    (no shield)
rNeg    . . .      Spirit   .    b - +0 leather armour
rPois   .          Reflect  .    (no helmet)
rElec   .          Harm     .    (no cloak)
rCorr   .          Rampage  .    (no gloves)
Will    .....                    (no boots)
Stlth   +.........               (no amulet)
HPRegen 0.23/turn                (no ring)
MPRegen 0.10/turn                (no ring)

@: no status effects
A: fangs 1, strong nose, distributed training
a: no special abilities


You were on level 1 of the Dungeon.
You visited 1 branch of the dungeon, and saw 1 of its levels.

You collected 11 gold pieces.

Inventory:

Hand Weapons
 a - a +0 falchion (weapon)
 e - a +0 falchion
Armour
 b - a +0 leather armour (worn)
Scrolls
 c - a scroll of identify {unknown}
 d - a scroll of immolation {unknown}


   Skills:
 + Level 4.4 Fighting
 + Level 0.0 Short Blades
 + Level 6.4 Long Blades
 + Level 0.0 Axes
 + Level 0.0 Maces & Flails
 + Level 0.0 Polearms
 + Level 0.0 Staves
 + Level 0.0 Ranged Weapons
 + Level 0.0 Throwing
 + Level 0.0 Armour
 + Level 4.4 Dodging
 + Level 0.0 Stealth
 + Level 0.0 Shields
 + Level 0.0 Unarmed Combat
 + Level 4.8 Spellcasting
 + Level 5.3 Conjurations
 + Level 0.0 Hexes
 + Level 0.0 Summonings
 + Level 0.0 Necromancy
 + Level 0.0 Translocations
 + Level 0.0 Transmutations
 + Level 0.0 Fire Magic
 + Level 0.0 Ice Magic
 + Level 0.0 Air Magic
 + Level 0.0 Earth Magic
 + Level 0.0 Poison Magic
 + Level 0.0 Invocations
 + Level 0.0 Evocations


You had 8 spell levels left.
You knew the following spells:

 Your Spells              Type           Power      Damage    Failure   Level
a - Kiss of Death         Conj/Necr      36%        2d8       9%          1

Your spell library contained the following spells:

 Spells                   Type           Power      Damage    Failure   Level
 Momentum Strike          Conj/Tloc      18%        3d8       14%         2
 Hailstorm                Conj/Ice       9%         3d4       26%         3


Dungeon Overview and Level Annotations

Branches:
Dungeon (1/15)

Altars:


Innate Abilities, Weirdness & Mutations

You have very sharp teeth.
Your uncanny sense of smell can sniff out nearby items.
Your experience applies equally to all skills.


Message History

Welcome, Syeburn the Gnoll Reaver.
Below lies the Orb of Zot, rumoured to be powerful enough to resurrect a god...
Press ? for a list of commands and other information.
Found four items.
Found a staircase leading out of the dungeon.
Unknown command.
Found a falchion.
A rat comes into view.
The rat twitches its whiskers.
The rat moves out of view.
c - a scroll labelled KOJAOQOICK
There are no items here.
A rat is nearby!
You closely miss the rat. The rat bites you.
You hit the rat but do no damage. The rat barely misses you.
You slash the rat!
You kill the rat!
HP restored.
You now have 11 gold pieces.
You see here a +0 falchion.
d - a scroll labelled ZOGRUIM KALIDIBAJ You see here a +0 falchion.
e - a +0 falchion
Okay, then.
Unknown command.
e - a +0 falchion (weapon)
Okay, then.
a - a +0 falchion (weapon)
Sorry, you're not good enough to have a special ability.
You aren't carrying any potions.
Unknown command.
Welcome back, Syeburn the Gnoll Reaver.
Press ? for a list of commands and other information.
Are you sure you want to abandon this character and quit the game? (Confirm with "yes".)

..#.#.#.#.. #......#∆
. #.#...#.##........#
$...#.....#..........
#...<...######...
....#.....#.......# .
#.#...#.##†....#
..#.#.#.#..##...#
...#.#.#.#.#...#..#
..#..#.#.#..#...@.#
.#.. ..#..#..#....#
...#..#..#[..#..##
#...#.....#
#........##
........## ........
##.##


There were no monsters in sight!

Vanquished Creatures
  A rat (D:1)
1 creature vanquished.

Notes
Turn   | Place    | Note
-------+----------+-------------------------------------------
     0 | D:1      | Syeburn the Gnoll Reaver began the quest for the Orb.
     0 | D:1      | Reached XP level 1. HP: 20/20 MP: 6/6
    34 | D:1      | Upgraded the game from 0.30-a0-322-g102857c98e to
                  | 0.30-a0-358-g0d69a1922f
    34 | D:1      | Quit the game

Illustrated notes

Levels and vault maps discovered:
D:1:      minmay_arrival_radiant_lines, layout_basic, serial_shops, shop,
          shop_coins, minmay_close_crescents

Action                   || total
-------------------------++-------
Melee: Falchion          ||     3
Dodge: Dodged            ||     1

Table legend: (Time is in decaauts)
 A = Elapsed time spent in this place.
 B = Non-inter-level travel time spent in this place.
 C = Inter-level travel time spent in this place.
 D = Time resting spent in this place.
 E = Time spent auto-exploring this place.
 F = Levels seen in this place.
 G = Mean time per level.
                   A        B        C        D        E       F      G
               +--------+--------+--------+--------+--------+-----+--------+
         Total |     33 |     33 |      0 |      0 |     17 |   1 |   33.0 |
       Dungeon |     33 |     33 |      0 |      0 |     17 |   1 |   33.0 |
               +--------+--------+--------+--------+--------+-----+--------+

Top non-repeatable levels by time:
     D:1: 33 daAuts
